 Dungeon Crawl Stone Soup version 0.31-a0-214-gb37851dbb3 (webtiles) character file.

Game seed: 15795506281383306771

282 qw the Shooter (level 6, -9/38 HPs)
             Began as a Gargoyle Hexslinger on July 1, 2023.
             Mangled by an ogre
             ... wielding a +0 giant club
              (11 damage)
             ... on level 3 of the Dungeon.
             The game lasted 00:01:00 (2579 turns).

qw the Shooter (Gargoyle Hexslinger)                Turns: 2579, Time: 00:01:00

Health: -9/38      AC:  9    Str: 11    XL:     6   Next: 28%
Magic:  7/7        EV: 12    Int: 14    God:
Gold:   189        SH:  0    Dex: 25    Spells: 6/7 levels left

rFire   + . .        Y - +1 sling
rCold   . . .        (no shield)
rNeg    + . .        n - +0 leather armour "Haus" {rF+ Dex+5}
rPois   inf          d - +0 helmet
rElec   +            (no cloak)
rCorr   .            (no gloves)
SInv    .            i - +0 pair of boots
Will    .....        l - amulet of the acrobat
Stlth   ++           j - +6 ring of dexterity
HPRegen 0.26/turn    (no ring)
MPRegen 0.10/turn

%: acrobat
@: no status effects
A: sickness immunity, AC +4, negative energy resistance 1, electricity
resistance, torment resistance 1, petrification resistance
a: no special abilities


You were on level 3 of the Dungeon.
You visited 1 branch of the dungeon, and saw 4 of its levels.

You collected 189 gold pieces.


Innate Abilities, Weirdness & Mutations

You are immune to sickness and miasma.
Your stone body is resilient. (AC +4)
You are immune to poison.
You resist negative energy. (rN+)
You are resistant to electric shocks. (rElec)
You are resistant to unholy torment.
You are immune to petrification.


   Skills:
 - Level 3.9 Fighting
 - Level 5.1 Ranged Weapons
 - Level 1.0 Armour
 + Level 1.7 Dodging
 - Level 1.0 Spellcasting
 - Level 2.6 Hexes


You had 6 spell levels left.
You knew the following spells:

 Your Spells              Type           Power      Damage    Failure   Level
a - Slow                  Hex            32%        N/A       12%         1

Your spell library contained the following spells:

 Spells                   Type           Power      Damage    Failure   Level
 Inner Flame              Hex/Fire       4%         N/A       52%         3
 Portal Projectile        Hex/Tloc       8%         N/A       52%         3
 Cause Fear               Hex            4%         N/A       75%         4

Inventory:

Hand Weapons
 Y - a +1 sling (weapon)
Armour
 d - a +0 helmet (worn)
 i - a +0 pair of boots (worn)
 n - the +0 leather armour "Haus" (worn) {rF+ Dex+5}
   (You found it on level 2 of the Dungeon)

   Dex:       It affects your dexterity (+5).
   rF:        It protects you from fire.
Jewellery
 j - a +6 ring of dexterity (left hand)
 l - an amulet of the acrobat (around neck)
Scrolls
 g - a scroll of identify
Potions
 a - a potion of curing
 b - a potion of enlightenment
 e - a potion of cancellation
 h - a potion of mutation {unknown}
 k - a potion of degeneration {unknown}
 m - a potion of brilliance {unknown}

Dungeon Overview and Level Annotations

Branches:
Dungeon (4/15)
 Temple: D:4-7

Altars:
Ashenzari
Cheibriados

Annotations:
D:3 1 runed translucent door, Crazy Yiuf


Message History

There is a stone staircase leading down here.
You climb downwards.
Found a snail-covered altar of Cheibriados.
Found an escape hatch in the ceiling.
Found a stone staircase leading down.
There is a stone staircase leading up here.
An ogre is nearby!
Waypoint 3 assigned to D:4.
You shoot a sling bullet. The sling bullet hits the ogre.
The ogre shouts!
The ogre is lightly wounded.
You shoot a sling bullet.
The sling bullet barely misses the ogre.
You shoot a sling bullet. The sling bullet hits the ogre.
The ogre is moderately wounded.
The ogre hits you with a +0 giant club!
2575 ||| STAIRDANCE You climb upwards.
Level annotation: 1 runed translucent door, Crazy Yiuf
There is a stone staircase leading down here.
Enter note:
Enter note:
Enter note:
Enter note:
Enter note:
Enter note:
Enter note:
Enter note:
Enter note: You shoot a sling bullet.
The sling bullet barely misses the ogre.
The ogre hits you with a +0 giant club!
You shoot a sling bullet.
The sling bullet hits the ogre but does no damage.
The ogre is moderately wounded.
The ogre hits you with a +0 giant club!!
Ouch! That really hurt!
You shoot a sling bullet.
The sling bullet barely misses the ogre.
The ogre hits you with a +0 giant club!
You die...

#.##.# ###.# ##.##....
#.##.# #...# #...#....
#.##.# #.######...#..##
#.##.# #.# #........##
#.##.# #.# #........##
#.##.# #.# #........##
#.##.#######.#####....#..##
#.##.......O..........#..##
#.#####...@..#######....)##
#.# #.###### #:#..).. #.#
#.# #.##..). #.# #.#
#.####)# #.# ##.##
####......# #.#
#...########.......... #.#
#.........##.#####.### #.#
#...#####.##.#####.# #.#
##### #.......##.#


You could see an ogre.

Vanquished Creatures
  Pargi (D:3)
  An orc priest (D:3)
  Jessica (D:2)
  Ijyb (D:3)
  An orc wizard (D:3)
  2 adders
  2 dart slugs
  4 orcs
  6 endoplasms
  3 giant cockroaches
  3 goblins
  5 hobgoblins
  8 kobolds
  2 quokkas
  5 ball pythons
  5 bats
  A frilled lizard (D:3)
  6 rats
57 creatures vanquished.

Notes
Turn   | Place    | Note
-------+----------+-------------------------------------------
     0 | D:1      | qw the Gargoyle Hexslinger began the quest for the Orb.
     0 | D:1      | Reached XP level 1. HP: 12/12 MP: 2/2
     0 | D:1      | 0 ||| qw: Version: 0.3-a-32-g5962c71
     0 | D:1      | 0 ||| qw: Game counter: 7440
     0 | D:1      | 0 ||| qw: Melee chars always use a shield: true
     0 | D:1      | 0 ||| qw: God list: Okawaru
     0 | D:1      | 0 ||| qw: Allow faded altars: false
     0 | D:1      | 0 ||| qw: Do Orc after clearing Dungeon:15 true
     0 | D:1      | 0 ||| qw: Do second Lair branch before Depths: true
     0 | D:1      | 0 ||| qw: Lair rune preference: random
     0 | D:1      | 0 ||| qw: Goals: Normal
     0 | D:1      | 0 ||| PLANNING D:1-11
   118 | D:1      | Reached XP level 2. HP: 16/16 MP: 3/3
   300 | D:1      | Reached skill level 3 in Ranged Weapons
   887 | D:1      | 887 ||| UPGRADING to +0 leather armour.
   897 | D:1      | 897 ||| DROPPING +0 robe.
   898 | D:1      | 898 ||| UPGRADING to +0 pair of boots.
   903 | D:1      | 903 ||| UPGRADING to +0 ring mail.
   913 | D:1      | 913 ||| DROPPING +0 leather armour.
   914 | D:1      | 914 ||| UPGRADING to amulet of the acrobat.
   919 | D:1      | 919 ||| UPGRADING to +6 ring of dexterity.
   920 | D:1      | 920 ||| READING scroll labelled MAYXOTT OLIRO.
   925 | D:1      | 925 ||| READING 3 scrolls labelled AFERUCSISEU.
   926 | D:1      | 926 ||| DRINKING 2 bubbling orange potions.
   927 | D:1      | 927 ||| READING 2 scrolls of identify.
   927 | D:1      | 927 ||| IDENTIFYING clear potion
   928 | D:1      | 928 ||| DROPPING scroll of poison.
   929 | D:1      | 929 ||| DROPPING potion of attraction.
  1000 | D:2      | Reached XP level 3. HP: 21/21 MP: 4/4
  1009 | D:2      | Reached skill level 1 in Armour
  1342 | D:2      | Noticed Jessica
  1348 | D:2      | Killed Jessica
  1349 | D:2      | Reached XP level 4. HP: 25/26 MP: 5/5
  1543 | D:2      | Identified the +0 leather armour "Haus" {rF+ Dex+5}
  1649 | D:2      | 1649 ||| UPGRADING to +0 leather armour "Haus" {rF+ Dex+5}.
  1659 | D:2      | 1659 ||| DROPPING +0 ring mail.
  1660 | D:2      | 1660 ||| READING scroll labelled QOZXADUOSOUDE.
  1661 | D:2      | 1661 ||| READING scroll labelled JELIDE JEITAI.
  1662 | D:2      | 1662 ||| READING scroll labelled YKHEEH NIARA.
  1663 | D:2      | 1663 ||| DRINKING 2 fuming black potions.
  1699 | D:3      | Noticed Ijyb
  1729 | D:3      | Killed Ijyb
  1730 | D:3      | Reached skill level 4 in Ranged Weapons
  1836 | D:3      | Reached XP level 5. HP: 30/30 MP: 6/6
  1849 | D:3      | Reached skill level 5 in Ranged Weapons
  1868 | D:3      | Found a broken altar of Ashenzari.
  2024 | D:3      | Noticed Pargi
  2037 | D:3      | HP: 7/30 [Pargi (3)]
  2038 | D:3      | 2038 ||| READING scroll of teleportation.
  2039 | D:3      | 2039 ||| DRINKING potion of heal wounds.
  2042 | D:3      | 2042 ||| FLEEEEING.
  2043 | D:3      | 2043 ||| FLEEEEING.
  2044 | D:3      | 2044 ||| FLEEEEING.
  2050 | D:3      | Killed Pargi
  2051 | D:3      | Reached skill level 3 in Fighting
  2051 | D:3      | Reached XP level 6. HP: 26/38 MP: 7/7
  2472 | D:3      | Found a runed translucent door.
  2473 | D:3      | Noticed Crazy Yiuf
  2526 | D:3      | 2526 ||| UPGRADING to +0 helmet.
  2531 | D:3      | 2531 ||| READING 2 scrolls labelled TOFEADA FOMI.
  2532 | D:3      | 2532 ||| DRINKING 2 red potions.
  2533 | D:3      | 2533 ||| READING 2 scrolls of identify.
  2533 | D:3      | 2533 ||| IDENTIFYING cyan potion
  2534 | D:3      | 2534 ||| DROPPING scroll of noise.
  2571 | D:4      | Found a snail-covered altar of Cheibriados.
  2575 | D:4      | 2575 ||| STAIRDANCE
  2578 | D:3      | HP: 1/38 [ogre/+0 giant club (23)]
  2579 | D:3      | Mangled by an ogre

Levels and vault maps discovered:
D:1:      amcnicky_arrival_choice, layout_basic, minmay_cupped
D:2:      layout_basic, solitary_fountain, minmay_heptomino_o4, uniq_jessica
D:3:      layout_loops_ring, mainiacjoe_overflow_chevrons, minmay_ruptured,
          uniq_crazy_yiuf_cottage, uniq_pargi, uniq_ijyb
D:4:      layout_cave_pools, cheibriados_altar_1

Skill      XL: |  1  2  3  4  5 |
---------------+----------------+-----
Ranged Weapons | 3 4 5 |  5.1
Fighting       | 2 3 |  3.9
Armour         | 1 |  1.0
Dodging        | |  1.7
Spellcasting   | |  1.0
Hexes          | |  2.6

Action                     |  1- 3 |  4- 6 || total
---------------------------+-------+-------++-------
   Fire: Sling             |   102 |    93 ||   195
    Use: Scroll            |     3 |     6 ||     9
         Potion            |     1 |     3 ||     4
 Armour: Robe              |     3 |       ||     3
         Ring mail         |     5 |       ||     5
         Leather armour    |       |    32 ||    32
  Dodge: Dodged            |    19 |    53 ||    72

Table legend:
 A = Non-vault XP
 B = Vault XP
 C = Vault XP percentage of total XP
 D = Non-vault monster count
 E = Vault monster count
 F = Vault count percentage of total count
                 A         B        C        D         E       F
            +---------+---------+-------+---------+---------+-------
      Total |     180 |     223 |  55.3 |      46 |      11 |  19.3
            +---------+---------+-------+---------+---------+-------
        D:1 |      29 |       3 |   9.4 |      16 |       2 |  11.1
        D:2 |      34 |      42 |  55.3 |      14 |       4 |  22.2
        D:3 |     117 |     178 |  60.3 |      16 |       5 |  23.8
            +---------+---------+-------+---------+---------+-------
